 Dungeon Crawl Stone Soup version 0.25.1-2-g60ff931df9 (webtiles) character file.

Game seed: 17305237558403232362

38963 Exodus22XD the Spear-Bearer (level 13, -3/100 HPs)
             Began as a Demonspawn Gladiator on Oct 31, 2020.
             Was a Priest of Uskayaw.
             Slain by an eight-headed hydra (4 damage)
             ... on level 6 of the Lair of Beasts.
             The game lasted 00:38:38 (22019 turns).

Exodus22XD the Spear-Bearer (Demonspawn Gladiator) Turns: 22019, Time: 00:38:39

Health: -3/100     AC: 15    Str: 31    XL:     13   Next: 66%
Magic:  21/21      EV: 15    Int: 13    God:    Uskayaw [***...]
Gold:   1150       SH:  5    Dex: 15    Spells: 12/12 levels left

rFire    + + .     SeeInvis +   t - +2 trident
rCold    x . .     Gourm    .   (no shield)
rNeg     . . .     Faith    .   Q - +1 ring mail of Hubris {Str+7}
rPois    .         Spirit   .   (helmet unavailable)
rElec    +         Reflect  +   N - +0 cloak
rCorr    .         Harm     .   S - +0 pair of gloves
MR       .....                  b - +0 pair of boots
Stlth    +++++.....             B - amulet of Immorality {Reflect rF+ Str+4 Slay+3 SH+5}
HPRegen  0.26/turn              o - ring of Cowardice {rF+ rC- Int+4 SInv}
MPRegen  0.17/turn              q - ring of stealth

@: no status effects
A: antennae 3, thin metallic scales 3, spiny 1, rot immunity
a: Stomp, Line Pass, Renounce Religion


You were on level 6 of the Lair of Beasts.
You worshipped Uskayaw.
Uskayaw was aware of your devotion.
You were near starving.

You visited 3 branches of the dungeon, and saw 18 of its levels.
You also visited: Sewer and Gauntlet.

You collected 1182 gold pieces.
You spent 32 gold pieces at shops.

Inventory:

Hand Weapons
 t - a +2 trident (weapon)
 y - a +0 spear of freezing
Missiles
 d - 3 throwing nets (quivered)
Armour
 b - a +0 pair of boots (worn)
 I - the +2 leather armour of Jeek {+Blink rElec rPois rCorr}
   (You found it on level 10 of the Dungeon)

   It insulates you from electricity.
   It protects you from poison.
   It lets you blink.
   It provides partial protection from all sources of acid and corrosion.
 N - a +0 cloak (worn)
 Q - the +1 ring mail of Hubris (worn) {Str+7}
   (You found it on level 2 of the Lair of Beasts)

   It affects your strength (+7).
 S - a +0 pair of gloves (worn)
Jewellery
 a - an uncursed ring of poison resistance
 m - an uncursed ring of magical power
 o - the ring of Cowardice (left hand) {rF+ rC- Int+4 SInv}
   (You found it in a Gauntlet)

   [ring of see invisible]

   It affects your intelligence (+4).
   It protects you from fire.
   It makes you vulnerable to cold.
   It lets you see invisible.
 q - a ring of stealth (right hand)
 u - an uncursed amulet of guardian spirit
 B - the amulet of Immorality (around neck) {Reflect rF+ Str+4 Slay+3 SH+5}
   (You found it in a Gauntlet)

   [amulet of reflection]

   It shields you and reflects attacks.
   It affects your strength (+4).
   It affects your accuracy and damage with ranged weapons and melee attacks
   (+3).
   It protects you from fire.
   It affects your SH (+5).
 L - an uncursed ring of stealth
Wands
 v - a wand of paralysis (21)
 z - a wand of digging (6)
 C - a wand of iceblast (24)
 G - a wand of flame (36)
 P - a wand of acid (5)
Scrolls
 h - 10 scrolls of teleportation
 i - 2 scrolls of enchant weapon
 j - 6 scrolls of remove curse
 k - 7 scrolls of enchant armour
 w - 4 scrolls of immolation
 D - 3 scrolls of fog
 E - a scroll of summoning
 J - 6 scrolls of fear
 K - a scroll of vulnerability
 M - a scroll of magic mapping
Potions
 e - 2 potions of magic
 g - 2 potions of flight
 l - 2 potions of heal wounds
 n - 11 potions of curing
 p - 4 potions of lignification
 r - 3 potions of stabbing
 s - 3 potions of brilliance
 x - 3 potions of mutation {unknown}
 F - 4 potions of haste
 H - a potion of ambrosia {unknown}
 O - a potion of berserk rage {unknown}
Comestibles
 f - 30 rations


   Skills:
 + Level 8.9 Fighting
 + Level 12.4 Polearms
 - Level 1.7 Throwing
 + Level 7.7 Armour
 + Level 6.5 Dodging
 + Level 11.2 Stealth
 * Level 11.8 Invocations


You had 12 spell levels left.
You didn't know any spells.
Your spell library contained the following spells:

 Spells                   Type           Power        Failure   Level  Hunger
 Apportation              Tloc           #.....       38%         1    ##.....
 Magic Dart               Conj           #...         38%         1    ##.....
 Summon Butterflies       Summ           #.......     38%         1    ##.....
 Blink                    Tloc           N/A          52%         2    ###....
 Call Imp                 Summ           #.......     52%         2    ###....
 Slow                     Hex            #.......     52%         2    ###....
 Sublimation of Blood     Necr           #.........   52%         2    ###....
 Confusing Touch          Hex            #.......     77%         3    ####...
 Conjure Flame            Conj/Fire      #.......     77%         3    ####...
 Gell's Gravitas          Tloc           #.........   77%         3    ####...
 Ignite Poison            Fire/Tmut/Pois #.......     77%         3    ####...
 Lesser Beckoning         Tloc           #.........   77%         3    ####...
 Mephitic Cloud           Conj/Pois/Air  #.......     77%         3    ####...
 Tukima's Dance           Hex            #.......     77%         3    ####...
 Petrify                  Tmut/Erth      #.......     99%         4    #####..
 Alistair's Intoxication  Tmut/Pois      #.......     100%        5    ######.
 Irradiate                Conj/Tmut      #.........   100%        5    ######.
 Metabolic Englaciation   Hex/Ice        #.........   100%        5    ######.
 Yara's Violent Unravell  Hex/Tmut       #.........   100%        5    ######.
 Eringya's Noxious Bog    Tmut/Pois      #.........   100%        6    #######
 Invisibility             Hex            #.......     100%        6    #######


Dungeon Overview and Level Annotations

Branches:
Dungeon (11/15)            Temple (1/1) D:6            Lair (6/6) D:10
  Swamp (0/4) Lair:2        Snake (0/4) Lair:4        Slime (0/5) Lair:5
    Orc (0/2) D:10          Sewer (visited)         Gauntlet (visited)

Altars:
Ashenzari
Cheibriados
Dithmenos
Elyvilon
Fedhas
Gozag
Hepliaklqana
Kikubaaqudgha
Makhleb
Nemelex Xobeh
Okawaru
Qazlal
Ru
Sif Muna
Trog
Uskayaw
Vehumet
Wu Jian
Xom
Yredelemnul
Zin
The Shining One

Shops:
D:8 ?   D:11 =

Portals:
Trove: D:10 (give +5 demon trident)

Annotations:
Lair:3 1 runed translucent door, Curus's ghost, journeyman MiAK
Lair:5 exclusion: 2 oklob plants


Innate Abilities, Weirdness & Mutations

You have a pair of large antennae on your head. (SInv)
You are completely covered in thin metallic scales. (AC +4, rElec)
You are partially covered in sharp spines.
You are immune to rotting.


Message History

The lindwurm is struck by your spines.
The lindwurm bites you but does no damage.
The lindwurm claws you.
* * * LOW HITPOINT WARNING * * *
The lindwurm closely misses you. You block the black mamba's attack.
Uskayaw will force your foes to helplessly watch your dance.
Uskayaw prepares the audience for your solo!
The helpless eight-headed hydra fails to defend itself.
You puncture the eight-headed hydra!
The eight-headed hydra is heavily wounded.
The helpless eight-headed hydra fails to defend itself.
You puncture the eight-headed hydra!
The eight-headed hydra is severely wounded.
The eight-headed hydra is no longer paralysed.
The eight-headed hydra bites you.
* * * LOW HITPOINT WARNING * * *
The eight-headed hydra bites you.
* * * LOW HITPOINT WARNING * * *
The eight-headed hydra bites you.
You die...

## #..P.....
###.. ##.........
.....##.#........
.................
.................
.................
.........<.......
..........$......
.......@D........
......Sk.........
.................
.................
.................
.................
.............###
.........#####


You could see an eight-headed hydra, a lindwurm (paralysed) and a black mamba
(paralysed).

Vanquished Creatures
  A minotaur (Gauntlet)
  2 hydras
  2 two-headed ogres
  A death drake (Gauntlet)
  The ghost of Alannah the Skirmisher, a novice DrWn of Sif Muna (D:6)
  An unseen horror (D:11)
  An oklob plant (Lair:5)
  An ugly thing (D:11)
  A manticore (D:11)
  5 elephants (Lair:5)
  A spectral centaur (Gauntlet)
  A torpor snail (Lair:3)
  5 black mambas
  9 spiny frogs
  2 rime drakes
  A kobold demonologist (D:10)
  4 komodo dragons
  A troll (D:11)
  A bog body (Lair:2)
  3 hippogriffs
  A hornet (D:9)
  16 blink frogs
  2 slime creatures (D:9)
  A meliai zombie (Gauntlet)
  A shadow (D:11)
  2 wyverns
  43 yaks
  5 basilisks
  2 fire elementals (Lair:3)
  4 fire bats (Lair:3)
  Menkaure (D:4)
  3 hungry ghosts
  4 swamp worms (Lair:2)
  4 nagas (Lair:4)
  A warg (D:10)
  6 water moccasins
  A soldier ant (D:10)
  5 orc warriors (D:10)
  7 porcupines
  A phantom (D:11)
  3 sky beasts
  2 black bears
  2 necrophages
  A centaur (D:7)
  10 ogres
  24 crocodiles
  7 big kobolds
  15 bullfrogs
  A gnoll sergeant (D:9)
  6 scorpions
  10 wights (D:6)
  A howler monkey (D:5)
  2 electric eels
  3 crimson imps
  2 centaur zombies
  2 quasits (D:10)
  7 orc priests
  3 hounds
  A jelly (D:8)
  A bullfrog skeleton (D:6)
  3 orc wizards
  6 centaur skeletons
  A gnoll shaman (D:7)
  8 iguanas
  6 worker ants
  2 hound zombies
  3 hound skeletons
  A howler monkey zombie (D:9)
  2 worker ant zombies
  12 gnolls
  18 adders
  2 river rats (Sewer)
  3 oozes (Sewer)
  An adder zombie (D:8)
  An adder skeleton (D:6)
  5 worms
  2 dart slugs
  14 leopard geckos
  36 orcs
  7 ball pythons
  4 giant cockroaches
  10 goblins
  6 hobgoblins
  17 jackals
  5 quokkas
  9 bats
  14 frilled lizards
  A jackal skeleton (D:7)
  14 kobolds
  14 rats
  A fungus (D:10)
485 creatures vanquished.

Vanquished Creatures (others)
  2 bushes (Lair:5)
  2 demonic plants (Gauntlet)
  10 fungi
  9 plants
  3 withered plants (Gauntlet)
26 creatures vanquished.

Grand Total: 511 creatures vanquished

Notes
Turn   | Place    | Note
-------+----------+-------------------------------------------
     0 | D:1      | Exodus22XD the Demonspawn Gladiator began the quest for the
                  | Orb.
     0 | D:1      | Reached XP level 1. HP: 16/16 MP: 1/1
    17 | D:1      | Reached skill level 3 in Polearms
    17 | D:1      | Gained mutation: You are partially covered in sharp spines.
                  | [demonic ancestry]
    17 | D:1      | Reached XP level 2. HP: 22/22 MP: 2/2
   361 | D:1      | Gained mutation: You have a pair of small antennae on your
                  | head. [demonic ancestry]
   361 | D:1      | Reached XP level 3. HP: 26/27 MP: 3/3
  1101 | D:2      | Reached XP level 4. HP: 30/34 MP: 4/4
  1470 | D:2      | Reached skill level 4 in Polearms
  1805 | D:3      | Reached skill level 1 in Armour
  1830 | D:3      | Gained mutation: You are partially covered in thin metallic
                  | scales. (AC +2) [demonic ancestry]
  1830 | D:3      | Reached XP level 5. HP: 38/39 MP: 5/5
  1836 | D:3      | Found a sacrificial altar of Ru.
  2151 | D:3      | Found a glowing drain.
  2155 | Sewer    | Entered a sewer
  2243 | Sewer    | Reached skill level 1 in Stealth
  2379 | Sewer    | Reached XP level 6. HP: 33/46 MP: 6/6
  2528 | Sewer    | Reached skill level 5 in Polearms
  3027 | Sewer    | Gained mutation: You are mostly covered in thin metallic
                  | scales. (AC +3) [demonic ancestry]
  3027 | Sewer    | Reached XP level 7. HP: 52/52 MP: 7/7
  3513 | D:4      | Reached skill level 6 in Polearms
  3609 | D:4      | Noticed Menkaure
  3620 | D:4      | Killed Menkaure
  3774 | D:4      | Found a bloodstained altar of Trog.
  4358 | D:5      | Entered Level 5 of the Dungeon
  4426 | D:5      | Noticed a hungry ghost
  4447 | D:5      | Killed a hungry ghost
  4447 | D:5      | Gained mutation: You have a pair of antennae on your head.
                  | [demonic ancestry]
  4447 | D:5      | Reached XP level 8. HP: 49/60 MP: 8/8
  4853 | D:5      | Reached skill level 7 in Polearms
  5452 | D:5      | Found an ornate altar of the Wu Jian Council.
  5639 | D:6      | Noticed a two-headed ogre
  6036 | D:6      | Found a runed translucent door.
  6039 | D:6      | Noticed Alannah's ghost (novice DrWn)
  6073 | D:6      | Found a staircase to the Ecumenical Temple.
  6087 | Temple   | Entered the Ecumenical Temple
  6242 | Temple   | Became a worshipper of Uskayaw the Reveler
  6260 | D:6      | Reached * piety under Uskayaw
  6265 | D:6      | Reached ** piety under Uskayaw
  6273 | D:6      | Reached *** piety under Uskayaw
  6277 | D:6      | Reached **** piety under Uskayaw
  6279 | D:6      | Killed a two-headed ogre
  6279 | D:6      | Reached skill level 8 in Polearms
  6279 | D:6      | Reached XP level 9. HP: 30/66 MP: 9/10
  6283 | D:6      | Reached ***** piety under Uskayaw
  6305 | D:6      | Reached ****** piety under Uskayaw
  6746 | D:6      | Killed Alannah's ghost
  6746 | D:6      | Reached skill level 5 in Fighting
  6746 | D:6      | Reached skill level 5 in Armour
  7091 | D:7      | Found a bloodstained altar of Trog.
  7130 | D:7      | Found a burning altar of Makhleb.
  7262 | D:7      | Found a shattered altar of Ashenzari.
  7310 | D:7      | Found a sparkling altar of Nemelex Xobeh.
  7468 | D:7      | Found an ancient bone altar of Kikubaaqudgha.
  7482 | D:7      | Found a white marble altar of Elyvilon.
  7600 | D:7      | Reached skill level 9 in Polearms
  7932 | D:8      | Found an iron altar of Okawaru.
  8005 | D:8      | Found Funax's Magic Scroll Shop.
  8008 | D:8      | Gained mutation: You are completely covered in thin
                  | metallic scales. (AC +4, rElec) [demonic ancestry]
  8008 | D:8      | Reached XP level 10. HP: 74/74 MP: 13/13
  8009 | D:8      | Found a shimmering altar of Xom.
  8028 | D:8      | Bought a scroll of identify for 32 gold pieces
  8116 | D:8      | Reached skill level 5 in Stealth
  8224 | D:8      | Found a shimmering blue altar of Sif Muna.
  8488 | D:8      | Reached skill level 5 in Invocations
  8674 | D:9      | Found an opulent altar of Gozag.
  8975 | D:9      | Found a hazy altar of Hepliaklqana.
  9821 | D:9      | Reached skill level 10 in Polearms
  9897 | D:9      | Found an iron altar of Okawaru.
 10154 | D:10     | Entered Level 10 of the Dungeon
 10420 | D:10     | Found a staircase to the Lair.
 10438 | D:10     | Found a portal to a secret trove of treasure.
 10668 | D:10     | Got a faintly humming leather armour
 10679 | D:10     | Identified the +2 leather armour of Jeek {+Blink rElec
                  | rPois rCorr} (You found it on level 10 of the Dungeon)
 10718 | D:10     | Reached skill level 5 in Dodging
 10722 | D:10     | Gained mutation: You have a pair of large antennae on your
                  | head. (SInv) [demonic ancestry]
 10722 | D:10     | Reached XP level 11. HP: 57/82 MP: 11/16
 11068 | D:10     | Noticed a two-headed ogre
 11080 | D:10     | Killed a two-headed ogre
 11462 | D:10     | Found a staircase to the Orcish Mines.
 12378 | D:11     | Noticed a purple ugly thing
 12394 | D:11     | Killed a purple ugly thing
 12444 | D:11     | Noticed an unseen horror
 12462 | D:11     | Killed an unseen horror
 12666 | D:11     | Found Fech's Jewellery Shoppe.
 13037 | D:11     | Reached skill level 11 in Polearms
 13448 | D:11     | Got a dazzling chain mail
 13484 | D:11     | Identified the +1 chain mail of the Yeti {Stlth+} (You
                  | found it on level 11 of the Dungeon)
 13982 | Lair:1   | Entered Level 1 of the Lair of Beasts
 14415 | Lair:1   | Reached XP level 12. HP: 88/92 MP: 16/18
 15424 | Lair:2   | Got a faintly humming ring mail
 15476 | Lair:2   | Identified the cursed +1 ring mail of Hubris {Str+7} (You
                  | found it on level 2 of the Lair of Beasts)
 15704 | Lair:2   | Found a staircase to the Swamp.
 16105 | Lair:2   | Reached skill level 10 in Invocations
 17715 | Lair:3   | Found a runed translucent door.
 17718 | Lair:3   | Identified the +2 trident of the Median {flame, MR+}
 17718 | Lair:3   | Noticed Curus's ghost (journeyman MiAK)
 18248 | Lair:4   | Found a staircase to the Snake Pit.
 18358 | Lair:4   | Gained mutation: You are immune to rotting. [demonic
                  | ancestry]
 18358 | Lair:4   | Reached XP level 13. HP: 80/99 MP: 16/21
 18579 | Lair:4   | Reached skill level 10 in Stealth
 18660 | Lair:4   | Reached skill level 12 in Polearms
 19531 | Lair:5   | Found a gate leading to a gauntlet.
 19546 | Gauntlet | Entered a Gauntlet
 19546 | Gauntlet | Found a transporter.
 19797 | Gauntlet | Found a transporter.
 19815 | Gauntlet | Found a transporter.
 19816 | Gauntlet | Found a transporter.
 19835 | Gauntlet | Found a transporter.
 19848 | Gauntlet | Found a transporter.
 19852 | Gauntlet | Found a transporter.
 19855 | Gauntlet | Found a transporter.
 19878 | Gauntlet | Found a transporter.
 19886 | Gauntlet | Found a transporter.
 19886 | Gauntlet | Found a transporter.
 19886 | Gauntlet | Noticed a balrug
 19894 | Gauntlet | Found a transporter.
 19901 | Gauntlet | Noticed a green death
 20006 | Gauntlet | Got a serpentine golden ring
 20010 | Gauntlet | Identified the ring of Cowardice {rF+ rC- Int+4 SInv} (You
                  | found it in a Gauntlet)
 20052 | Gauntlet | Got a heavily runed crystal amulet
 20054 | Gauntlet | Identified the amulet of Immorality {Reflect rF+ Str+4
                  | Slay+3 SH+5} (You found it in a Gauntlet)
 20091 | Gauntlet | Noticed a minotaur
 20142 | Gauntlet | Killed a minotaur
 21212 | Lair:5   | Found a staircase to the Slime Pits.
 22006 | Lair:6   | Entered Level 6 of the Lair of Beasts
 22019 | Lair:6   | HP: 4/100 [eight-headed hydra (4)]
 22019 | Lair:6   | HP: 1/100 [eight-headed hydra (3)]
 22019 | Lair:6   | Slain by an eight-headed hydra

Illustrated notes

Levels and vault maps discovered:
D:1:      dpeg_arrival_arbitrary_b, layout_rooms,
          hangedman_decor_diamond_cutter, minmay_misc_feat_plants,
          kennysheep_crisscross
D:2:      layout_rooms, kennysheep_generic_room_15
D:3:      layout_rooms, gup_sewer_entry_spiral, first_ration,
          grunt_ministairs_6, nicolae_ru_sacrificial_ziggurat
D:4:      layout_loops_cross, trog_butcher_becter, uniq_menkaure
D:5:      layout_basic, nicolae_overflow_hidden_temple,
          hangedman_abyss_or_decor_stagger, minmay_misc_feat_tiny
D:6:      layout_basic, temple_fountains, ebering_ghost_sewer_d
D:7:      layout_gridville, kennysheep_mini, nicolae_overflow_crystal_walls,
          nemelex_xobeh_ov_fountains_minmay, elyvilon_altar_5,
          kiku_gazebo_pond_becter, ashenzari_altar_1
D:8:      layout_cave_pools, kennysheep_mini_moat, xom_teletrap_fun,
          basic_altar, serial_shops, shop
D:9:      layout_roguey, okawaru_altar_gauntlet_db, kennysheep_little_box,
          grunt_gozag_statues, blue_anna_alchemist [blue_anna_fruit_fields,
          blue_anna_fruit_fields], minmay_fountain_box
D:10:     layout_basic, grunt_lair_entry_orc_guard_hut, david_orc_1_choice,
          enter_trove_1
D:11:     layout_irregular_city, serial_shops, shop_statue, minivault_5
Temple:   minmay_temple_curvy_loop
Lair:1:   layout_chaotic_city, grunt_megastairs_4, infiniplex_staircase_pool
Lair:2:   layout_chaotic_city, nicolae_swamp_entry_splash_gauntlet
Lair:3:   lemuel_reptile_caves, layout_chaotic_city, ebering_ghost_funeral_grove
Lair:4:   layout_small_grid, minmay_snake_entry_guardpost_large, serial_rivers,
          chequers_serial_rivers_micro_c, chequers_serial_rivers_micro_a,
          chequers_serial_rivers_micro_b, chequers_serial_rivers_micro_a,
          chequers_serial_rivers_micro_e, chequers_serial_rivers_room_a,
          lemuel_fruit_tree
Lair:5:   layout_roguey, minmay_slime_entry_oklob_open, gauntlet_entry_generic,
          grunt_megastairs_5
Lair:6:   hangedman_lair_in_review, layout_layer_cave,
          hangedman_lair_caniforms_friends, worms_lemuel

Skill      XL: |  1  2  3  4  5  6  7  8  9 10 11 12 13 |
---------------+----------------------------------------+-----
Polearms       | 3 4 5 6 8 9 10 11 12 | 12.4
Dodging        | 3 4 5 6 |  6.5
Armour         | 1 2 3 4 5 6 7 |  7.7
Stealth        | 1 2 4 6 8 9 11 | 11.2
Fighting       | 3 4 5 6 7 8 |  8.9
Invocations    | 2 4 7 9 10 11 | 11.8
Throwing       | |  1.7

Action                   |  1- 3 |  4- 6 |  7- 9 | 10-12 | 13-15 || total
-------------------------+-------+-------+-------+-------+-------++-------
Melee: Trident           |    72 |   182 |   327 |   980 |   282 ||  1843
Throw: Throwing net      |       |     2 |       |       |       ||     2
Invok: Stomp             |       |       |       |     1 |       ||     1
Evoke: Wand              |       |       |       |       |     4 ||     4
  Use: Scroll            |       |     5 |     1 |    10 |    10 ||    26
       Potion            |       |       |       |       |     3 ||     3
 Stab: Sleeping          |     2 |     3 |    13 |    33 |     5 ||    56
       Paralysed         |       |       |     7 |    82 |    33 ||   122
       Distracted        |       |       |     1 |     4 |     1 ||     6
       Petrified         |       |       |       |       |     2 ||     2
  Eat: Chunk             |     1 |     6 |    18 |    32 |    10 ||    67
       Ration            |       |       |     1 |     1 |       ||     2
Armor: Leather armour    |    12 |       |       |    53 |     4 ||    69
       Ring mail         |     2 |    47 |    70 |   112 |    45 ||   276
       Chain mail        |       |       |       |    34 |       ||    34
Dodge: Dodged            |    25 |    63 |   145 |   388 |    78 ||   699
Block: Other             |       |       |       |       |    22 ||    22
